Map: Orbital Shipyard

Players

ChaozFantasy

  • Race: Protoss Protoss
  • League: Platinum

LilDicky - Winner!

  • Race: Terran Terran
  • League: Diamond

VOD

http://www.twitch.tv/tumescentpie

Description

Time

  • Played on: Dec. 12, 2015, 10:33 p.m.
  • Length: 7:27
Show
View Real Time Build Order
Export as new Build Order

ChaozFantasy Protoss 

Build Orders: 1 Gate Expand 

Get SALT Encoding   

  12  0:01  Probe (Chrono Boost)  
  13  0:13  Pylon  
  13  0:17  Probe (Chrono Boost)  
  14  0:28  Probe (Chrono Boost)  
  15  0:38  Probe (Chrono Boost)  
  15  0:39  Gateway  
  15  0:42  Assimilator  
  16  0:49  Probe (Chrono Boost)  
  17  0:59  Probe (Chrono Boost)  
  17  1:01  Assimilator  
  18  1:10  Probe (Chrono Boost)  
  19  1:20  Probe (Chrono Boost)  
  20  1:31  Nexus  
  20  1:33  Probe (Chrono Boost)  
  21  1:44  Cybernetics Core  
  21  1:48  Probe (Chrono Boost)  
  22  1:58  Probe (Chrono Boost)  
  23  2:08  Pylon  
  23  2:20  Warp Gate (Chrono Boost)  
  23  2:21  Gateway  
  23  2:23  Gateway  
  23  2:28  Probe  
  24  2:37  Pylon  
  24  2:41  Stalker  
  24  2:44  Probe  
  27  2:46  Probe  
  28  2:56  Probe x2  
  30  3:03  Gateway  
  30  3:07  Probe  
  30  3:08  Probe  
  30  3:11  Sentry  
  34  3:13  Sentry  
  34  3:18  Probe  
  39  3:20  Sentry  
  39  3:27  Probe  
  39  3:28  Probe  
  37  3:39  Probe x2  
  39  3:48  Forge  
  39  3:49  Probe  
  39  3:51  Probe  
  41  4:00  Probe  
  40  4:03  Probe  
  41  4:10  Probe  
  41  4:12  Assimilator  
  38  4:17  Stalker x2, Assimilator  
  38  4:18  Sentry  
  38  4:21  Pylon  
  38  4:23  Protoss Ground Weapons Level 1 (Chrono Boost)  
  44  4:32  Probe, Photon Cannon  
  44  4:33  Probe  
  44  4:37  Sentry  
  47  4:44  Probe  
  47  4:45  Probe  
  49  4:50  Sentry x2  
  52  4:54  Probe  
  52  4:57  Probe  
  54  5:01  Zealot  
  54  5:05  Probe  
  55  5:09  Probe  
  54  5:15  Probe  
  54  5:16  Twilight Council  
  53  5:21  Probe  
  53  5:26  Probe, Zealot x2  
  53  5:27  Zealot  
  61  5:35  Probe  
  62  5:41  Pylon  
  62  5:46  Pylon  
  62  5:52  Dark Shrine  
  62  5:57  Probe  
  62  5:59  Mothership Core  
  57  6:04  Zealot  
  57  6:05  Zealot x3  
  45  6:28  Stalker x2  
  45  6:29  Zealot  
  45  6:30  Zealot  
  51  6:34  Probe  
  51  6:36  Probe  
  47  6:48  Gateway  
  47  6:50  Gateway  
  47  6:52  Gateway  
  47  6:55  Gateway  
  47  6:56  Sentry x3  
  47  6:57  Zealot  
Show
View Real Time Build Order
Export as new Build Order

LilDicky Terran - Winner!

Build Orders: MMM Bio 

Get SALT Encoding   

  12  0:05  SCV  
  13  0:17  SCV  
  14  0:22  Supply Depot  
  14  0:29  SCV  
  15  0:42  Refinery  
  15  0:43  SCV  
  15  0:47  Barracks  
  16  0:56  SCV  
  17  1:08  SCV  
  18  1:20  SCV  
  19  1:32  SCV  
  20  1:35  Marine  
  20  1:36  Supply Depot  
  21  1:44  Refinery  
  21  1:47  Factory  
  21  1:50  Orbital Command  
  21  1:54  Marine  
  22  2:03  Barracks  
  22  2:08  Barracks  
  22  2:18  Barracks Reactor  
  22  2:19  SCV  
  23  2:26  Refinery  
  23  2:31  SCV  
  24  2:43  SCV  
  25  2:45  Supply Depot  
  25  2:53  Widow Mine  
  25  2:55  SCV  
  25  2:56  Barracks Tech Lab  
  25  2:57  Barracks Tech Lab  
  28  2:58  Marine x2  
  30  3:07  SCV  
  31  3:21  Supply Depot  
  31  3:22  Combat Shields  
  31  3:23  Stimpack, Marine x2  
  31  3:25  Marine x2  
  34  3:29  Widow Mine  
  36  3:39  SCV  
  37  3:45  Starport, Marine x2  
  37  3:47  Marine  
  40  4:07  Marauder x2, Marine x2  
  46  4:13  Supply Depot, SCV  
  47  4:30  Supply Depot  
  47  4:32  Marauder x2, Medivac  
  47  4:34  Marine  
  47  4:36  Marine  
  53  5:01  Marauder x2, Marine x2  
  59  5:18  Concussive Shells, Medivac  
  59  5:42  Marine x2  
  60  5:43  Marauder x2  
  60  5:44  SCV  
  60  5:48  Medivac  
  68  5:57  SCV  
  57  6:22  Marine  
  57  6:23  Marine x3  
  58  6:40  Marine  
  58  6:41  Marine x3  
  62  6:47  Medivac  
  64  6:58  Marine x2  
  64  6:59  Marauder x2  
Tags
 
Add a new tag
Caveats
  • Supply blocks, unpowered buildings, or Contaminate may cause inaccurate times.
  • Supply counts are checked every 10 seconds.